 Dungeon Crawl Stone Soup version 0.28.0-1-gb440e238dd (webtiles) character file.

Game seed: 1790758902718106955

13 pkoi the Insei (level 2, 0/26 HPs)
             Began as a Draconian Monk on Feb 24, 2022.
             Succumbed to an adder's poison
             ... on level 1 of the Dungeon.
             The game lasted 00:00:54 (1082 turns).

pkoi the Insei (Draconian Monk)                     Turns: 1082, Time: 00:00:55

Health: 0/26       AC:  4    Str: 13    XL:     2   Next: 24%
Magic:  2/2        EV: 12    Int: 10    God:
Gold:   35         SH:  0    Dex: 13    Spells: 1/1 levels left

rFire   . . .      SeeInvis .     - Unarmed
rCold   . . .      Faith    .   (no shield)
rNeg    . . .      Spirit   .   (armour unavailable)
rPois   .          Reflect  .   (helmet restricted)
rElec   .          Harm     .   (no cloak)
rCorr   .          Rampage  .   (no gloves)
Will    .....                   (no boots)
Stlth   ++........              (no amulet)
HPRegen 0.08/turn               (no ring)
MPRegen 0.08/turn               (no ring)

@: lethally poisoned (0 -> -7)
A: AC +4, unfitting armour, cold-blooded
a: no special abilities


You were on level 1 of the Dungeon.
You visited 1 branch of the dungeon, and saw 2 of its levels.

You collected 35 gold pieces.

Inventory:

Hand Weapons
 c - a +0 short sword
 d - a +1 vampiric dagger


   Skills:
 - Level 3.2 Fighting
 - Level 2.6 Dodging
 - Level 1.7 Stealth
 + Level 3.7 Unarmed Combat


You had one spell level left.
You didn't know any spells.
Your spell library was empty.

Dungeon Overview and Level Annotations

Branches:
Dungeon (2/15)

Altars:

Shops:
D:1 (*=(!


Innate Abilities, Weirdness & Mutations

Your plain brown scales are hard. (AC +4)
You cannot fit into any form of body armour.
You are cold-blooded and may be slowed by cold attacks.


Message History

There is a stone staircase leading down, spattered with blood here.
You see here a +0 dagger.
You closely miss the adder. The adder bites you.
You are poisoned.
The adder poisons you!
You miss the adder.
Your tail-slap misses the adder.
You feel sick. The adder barely misses you.
You hit the adder. You tail-slap the adder.
The adder is heavily wounded.
You feel sick. The adder misses you.
You miss the adder.
The adder is heavily wounded.
You feel sick. The adder bites you.
* * * LOW HITPOINT WARNING * * *
You hit the adder.
The adder is severely wounded.
You feel sick. The adder closely misses you. The adder bites you.
* * * LOW HITPOINT WARNING * * *
You are more poisoned.
The adder poisons you!
You miss the adder.
Your tail-slap misses the adder.
The adder is severely wounded.
* * * LOW HITPOINT WARNING * * *
You feel sick. The adder bites you.
* * * LOW HITPOINT WARNING * * *
You are more poisoned.
The adder poisons you!
You aren't carrying any potions.
As you read the scroll labelled YNIPHE CYRE, it crumbles to dust.
You assume a fearsome visage.
The adder looks frightened!
It was a scroll of fear.
* * * LOW HITPOINT WARNING * * *
You feel sick.
As you read the scroll labelled LITHEUN XYAZE, it crumbles to dust.
The creatures around you are filled with an inner flame!
It was a scroll of immolation.
* * * LOW HITPOINT WARNING * * *
You feel very sick.
There is a lethal amount of poison in your body!
You die...

....#.#.###..###.#
....#..........#.#
....#..........#.#
....#..........#.#
...............#.#
......##.......#S#
......###'##+#...#
......###....##..####
...†..#...##....@...#
#.....#.............#
#.....#...........∩.#
#.....#..........####
#####.#..........#
#..#.#........#
#....#........#
#.##.#####.####
#############.#


You could see an adder (inner flame, fleeing).

Vanquished Creatures
  2 ball pythons (D:1)
  A bat (D:1)
  3 endoplasms (D:1)
  A giant cockroach (D:1)
  2 goblins (D:1)
  A frilled lizard (D:1)
  A rat (D:1)
11 creatures vanquished.

Notes
Turn   | Place    | Note
-------+----------+-------------------------------------------
     0 | D:1      | pkoi the Draconian Monk began the quest for the Orb.
     0 | D:1      | Reached XP level 1. HP: 19/19 MP: 1/1
    30 | D:1      | Found Imatt's Distillery.
   524 | D:1      | Found Cemiul's General Store.
   542 | D:1      | Reached XP level 2. HP: 25/26 MP: 2/2
   590 | D:1      | Found Parucw's Weapon Shoppe.
   738 | D:1      | Found Seb Lery's Jewellery Emporium.
   779 | D:1      | Found Heacafe's Antique Weapon Shoppe.
   869 | D:1      | Found a faded altar of an unknown god.
  1081 | D:1      | HP: 1/26 [poisoned by an adder]
  1082 | D:1      | Succumbed to an adder's poison

Illustrated notes

Levels and vault maps discovered:
D:1:      wheals_arrival_linesprint, layout_basic,
          hellmonk_ecumenical_altar_arch_garden, serial_shops, shop_fountains,
          shop, shop, nicolae_shop_temple_entry_statues_fountains, shop
D:2:      layout_loops_ring, serial_shops,
          nicolae_shop_temple_entry_statues_fountains,
          chequers_serial_rivers_small_b, uniq_robin

Action                   || total
-------------------------++-------
Melee: Unarmed           ||    37
       Tailslap          ||     5
       Punch             ||     1
  Use: Scroll            ||     2
Armor: Skin              ||    14
Dodge: Dodged            ||    26
